 Dungeon Crawl Stone Soup version 0.30.0-29-ga12c61a403 (webtiles) character file.

Game seed: 9956074686789902614

10 cheesebisquit the Grasshopper (level 2, -7/23 HPs)
             Began as a Barachi Warper on June 4, 2023.
             Mangled by a gnoll
             ... wielding a +0 flail
              (8 damage)
             ... on level 1 of the Dungeon.
             The game lasted 00:01:24 (233 turns).

cheesebisquit the Grasshopper (Barachi Warper)       Turns: 233, Time: 00:01:24

Health: -7/23      AC:  3    Str: 12    XL:     2   Next: 20%
Magic:  5/5        EV: 11    Int: 13    God:
Gold:   6          SH:  0    Dex: 11    Spells: 5/5 levels left

rFire   . . .        a - +0 falchion
rCold   . . .        (no shield)
rNeg    . . .        b - +0 leather armour
rPois   .            (no helmet)
rElec   .            (no cloak)
rCorr   .            (no gloves)
SInv    .            (no boots)
Will    .....        (no amulet)
Stlth   +            (no ring)
HPRegen 0.23/turn    (no ring)
MPRegen 0.09/turn

%: no passive effects
@: slow
A: amphibious, slowness 1, strong legs 1, +LOS
a: Hop


You were on level 1 of the Dungeon.
You visited 1 branch of the dungeon, and saw 1 of its levels.

You collected 6 gold pieces.

Inventory:

Hand Weapons
 a - a +0 falchion (weapon)
 i - a +0 dagger of speed
Missiles
 d - 7 boomerangs of dispersal (quivered)
 e - 6 poisoned darts
 g - 2 boomerangs
Armour
 b - a +0 leather armour (worn)
Scrolls
 c - a scroll of blinking
 f - 2 scrolls of teleportation {unknown}
 h - a scroll of identify {unknown}


   Skills:
 + Level 2.5 Fighting
 * Level 2.6 Long Blades
 + Level 1.1 Throwing
 + Level 1.4 Armour
 + Level 2.3 Dodging
 + Level 0.3 Stealth
 + Level 2.2 Spellcasting
 + Level 3.3 Translocations


You had 5 spell levels left.
You didn't know any spells.
Your spell library contained the following spells:

 Spells                   Type           Power      Damage    Failure   Level
 Blink                    Tloc           20%        N/A       12%         2
 Lesser Beckoning         Tloc           20%        N/A       12%         2
 Teleport Other           Tloc           10%        N/A       24%         3
 Vhi's Electric Charge    Tloc/Air       10%        N/A       43%         3
 Manifold Assault         Tloc           10%        N/A       61%         4


Dungeon Overview and Level Annotations

Branches:
Dungeon (1/15)

Altars:


Innate Abilities, Weirdness & Mutations

You are amphibious.
You cover ground slowly.
You can hop short distances.
You have an extended range of vision and can be seen from far away.


Message History

You closely miss the hobgoblin.
The hobgoblin is moderately wounded.
The hobgoblin hits you but does no damage.
You hit the hobgoblin but do no damage.
The hobgoblin is moderately wounded.
The hobgoblin hits you but does no damage.
You barely miss the hobgoblin.
The hobgoblin is moderately wounded.
The hobgoblin barely misses you. The hobgoblin closely misses you.
You hit the hobgoblin.
You kill the hobgoblin!
Found a scroll labelled CYKHUO POMA.
You see here a +0 dagger of speed.
i - a +0 dagger of speed You now have 6 gold pieces (gained 3).
Found a stone staircase leading down.
A gnoll comes into view. It is wielding a +0 flail.
The gnoll shouts!
A rat comes into view.
Found a scroll labelled BIDOGH YHOPS.
The gnoll barely misses you.
A hobgoblin comes into view.
You barely miss the gnoll.
The hobgoblin shouts!
The gnoll closely misses you.
You hit the gnoll.
The gnoll is lightly wounded.
The gnoll hits you with a +0 flail!
You barely miss the gnoll.
The gnoll is lightly wounded.
The gnoll closely misses you.
You hit the gnoll but do no damage.
The gnoll is lightly wounded.
The gnoll hits you with a +0 flail!
* * * LOW HITPOINT WARNING * * *
The rat bites you.
* * * LOW HITPOINT WARNING * * *
The rat attacks as you move away! The rat bites you but does no damage.
The gnoll completely misses you. The rat barely misses you.
The gnoll attacks as you move away! The gnoll hits you with a +0 flail!
You die...

...##.#..##....#≈#..
#.........#....##..
................#..
#...............##.
#.#.#...........###
##.##..†...#...# #
#########.......##.....###
#...>....$.##.#..##.......
#........@.##....#..†.....
#......?gr.####...........
#......g...# #...##.##..#
#..........# #...##.###..
#####.###.## .....##.. ...
... #.# .......####... ...
............ ##.. ...
....#.... .... ?... ..##
#...


You could see a gnoll, a hobgoblin and a rat.

Vanquished Creatures
  A ball python (D:1)
  A hobgoblin (D:1)
  A kobold (D:1)
  2 quokkas (D:1)
  3 bats (D:1)
  A rat (D:1)
9 creatures vanquished.

Notes
Turn   | Place    | Note
-------+----------+-------------------------------------------
     0 | D:1      | cheesebisquit the Barachi Warper began the quest for the
                  | Orb.
     0 | D:1      | Reached XP level 1. HP: 17/17 MP: 3/3
   151 | D:1      | Reached XP level 2. HP: 23/23 MP: 5/5
   231 | D:1      | HP: 1/23 [rat (3)]
   233 | D:1      | Mangled by a gnoll

Illustrated notes

Levels and vault maps discovered:
D:1:      psy_arrival_dodecagon, layout_rooms, minmay_misc_feat_more_columns

Action                     || total
---------------------------++-------
  Melee: Falchion          ||    49
 Armour: Leather armour    ||    21
  Dodge: Dodged            ||    47
